 Dungeon Crawl Stone Soup version 0.26-a0-597-gb535b0901c (webtiles) character file.

Game seed: 6408794845111405858

8 Alarkh the Twirler (level 2, 19/22 HPs)
             Began as a Demonspawn Gladiator on Sept 10, 2020.
             Got out of the dungeon alive.
             The game lasted 00:00:15 (145 turns).

Alarkh the Twirler (Demonspawn Gladiator)            Turns: 145, Time: 00:00:16

Health: 19/22      AC:  3    Str: 14    XL:     2   Next: 0%
Magic:  2/2        EV: 12    Int:  9    God:
Gold:   0          SH:  0    Dex: 14    Spells: 1/1 levels left

rFire    . . .     SeeInvis .   a - +0 quarterstaff
rCold    . . .     Faith    .   (shield currently unavailable)
rNeg     . . .     Spirit   .   b - +0 leather armour
rPois    .         Reflect  .   (helmet restricted)
rElec    .         Harm     .   (no cloak)
rCorr    .                      (no gloves)
MR       .....                  (no boots)
Stlth    +.........             (no amulet)
HPRegen  0.07/turn              (no ring)
MPRegen  0.08/turn              (no ring)

@: no status effects
A: horns 1
a: no special abilities


You escaped.
You visited 1 branch of the dungeon, and saw 1 of its levels.

Inventory:

Hand Weapons
 a - a +0 quarterstaff (weapon)
Missiles
 d - 3 throwing nets (quivered)
Armour
 b - a +0 leather armour (worn)
 c - a +0 helmet
Scrolls
 e - a scroll of remove curse {unknown}


   Skills:
 - Level 2.0 Fighting
 + Level 3.2 Staves
 - Level 1.7 Throwing
 - Level 2.6 Dodging


You had one spell level left.
You didn't know any spells.
Your spell library was empty.

Dungeon Overview and Level Annotations

Branches:
Dungeon (1/15)

Altars:


Innate Abilities, Weirdness & Mutations

You have a pair of small horns on your head.


Message History

The gnoll shouts!
The bat hits you but does no damage.
A rat comes into view.
The bat hits you but does no damage.
You thump the bat!
You kill the bat!
The goblin barely misses you.
You see here a bat corpse.
You sock the goblin!
You kill the goblin!
You have reached level 2!
Your demonic ancestry asserts itself...
A pair of horns grows on your head!
Your +0 helmet falls away!
The gnoll barely misses you.
A kobold comes into view. It is wielding a +0 dagger.
There is an open door here.
There is a staircase leading out of the dungeon here.
Are you sure you want to leave the Dungeon?
This will make you lose the game! The gnoll hits you but does no damage.
You have escaped!

#. P... ..........## ##..
♣P.. ##..........#
#P.♣♣♣♣..†
............###....♣♣PP.
.................PP♣PP..
.............>...P.P♣...
.....⌠...⌠........P.....
......###.........#.....
......#@'g.............♣
##......###r......K......♣
#......⌠...⌠..##.........♣
#............###.........♣
#.....#...................
#.........(.....[.........
#.......................).
#....)....................
#...................#.....


You could see a gnoll and a rat.

Vanquished Creatures
  3 bats (D:1)
  A goblin (D:1)
  A hobgoblin (D:1)
  2 rats (D:1)
7 creatures vanquished.

Notes
Turn   | Place    | Note
-------+----------+-------------------------------------------
     0 | D:1      | Alarkh the Demonspawn Gladiator began the quest for the
                  | Orb.
     0 | D:1      | Reached XP level 1. HP: 16/16 MP: 1/1
    60 | D:1      | Reached skill level 3 in Staves
   125 | D:1      | Gained mutation: You have a pair of small horns on your
                  | head. [demonic ancestry]
   125 | D:1      | Reached XP level 2. HP: 18/22 MP: 2/2
   145 | D:$      | Got out of the dungeon alive.

Illustrated notes

Levels and vault maps discovered:
D:1:      scummos_arrival_simple_fountains, layout_basic, serial_forest,
          infiniplex_forest_end_1, infiniplex_forest_straight_2,
          infiniplex_forest_straight_3, infiniplex_forest_end_1,
          infiniplex_forest_end_2, infiniplex_forest_lined_4_way,
          infiniplex_forest_lined_room_3, infiniplex_forest_clump_medium,
          infiniplex_forest_lined_room_3, infiniplex_forest_clump_tiny,
          serial_bayou_pond_d

Skill      XL: |  1 |
---------------+----+-----
Staves         | 3 |  3.2
Fighting       | |  2.0
Throwing       | |  1.7
Dodging        | |  2.6

Action                   || total
-------------------------++-------
Melee: Quarterstaff      ||    12
 Stab: Distracted        ||     1
Armor: Leather armour    ||    14
Dodge: Dodged            ||    21

Table legend: (Time is in decaauts)
 A = Elapsed time spent in this place.
 B = Non-inter-level travel time spent in this place.
 C = Inter-level travel time spent in this place.
 D = Time resting spent in this place.
 E = Time spent auto-exploring this place.
 F = Levels seen in this place.
 G = Mean time per level.
                   A        B        C        D        E       F      G
               +--------+--------+--------+--------+--------+-----+--------+
         Total |    146 |    146 |      0 |     18 |     57 |   1 |  146.0 |
       Dungeon |    146 |    146 |      0 |     18 |     57 |   1 |  146.0 |
               +--------+--------+--------+--------+--------+-----+--------+

Top non-repeatable levels by time:
     D:1: 146 daAuts
